 Dungeon Crawl Stone Soup version 0.22-a0-265-g0d8bc90 (webtiles) character file.

1829641 Zwobot the Slayer (level 27, 216/216 HPs)
             Began as an Octopode Arcane Marksman on Mar 6, 2018.
             Was a High Priest of Okawaru.
             Escaped with the Orb
             ... and 3 runes!
             The game lasted 04:45:34 (57841 turns).

Zwobot the Slayer (Octopode Arcane Marksman)       Turns: 57841, Time: 04:45:35

Health: 216/216    AC: 14    Str: 10      XL:     27
Magic:  37/39      EV: 37    Int: 33 (34) God:    Okawaru [*****.]
Gold:   485        SH: 25    Dex: 26 (27) Spells: 5/36 levels left

rFire    + . .     SeeInvis .   a - +9 eveningstar (vamp)
rCold    + . .     Gourm    .   f - +5 shield {reflect}
rNeg     + . .     Faith    .   P - +0 hat "Noupuivy" {rPois Int+9}
rPois    +         Spirit   .   o - +4 amulet of reflection
rElec    .         Reflect  +   g - ring of protection from fire
rCorr    .         Harm     .   Y - +5 ring of protection
MR       +++++                  G - +6 ring of dexterity
Stlth    +++.......             w - ring of the Death Scarab {rN+ MR+ MP+9 Stlth+}
HPRegen  0.46/turn              b - ring "Boacuf" {Wiz MR+ Int+3}
MPRegen  0.26/turn              F - ring of Robustness {AC+8}
                                B - ring of protection from cold
                                v - ring of the Mage {Wiz MR++ Int+3}

@: heroism, finesse, hasted, very quick
A: almost no armour, stealthy swim, amphibious, 8 rings, constrict 8, camouflage
1, deterioration 1, gelatinous body 1, subdued magic 1, MP-powered wands
0: Orb of Zot
}: 3/15 runes: barnacled, silver, gossamer
a: Heroism, Finesse, Renounce Religion


You escaped.
You worshipped Okawaru.
Okawaru was extremely pleased with you.
You were not hungry.

You visited 10 branches of the dungeon, and saw 50 of its levels.
You visited the Abyss 1 time.
You visited 3 bazaars.

You collected 6256 gold pieces.
You spent 5771 gold pieces at shops.

Inventory:

Hand Weapons
 a - a +9 vampiric eveningstar (weapon)
 q - a +2 sacred scourge of holy wrath
Missiles
 j - 29 javelins of returning
 J - 12 silver javelins
 K - a throwing net
 V - 39 poisoned javelins (quivered)
 X - 54 javelins of penetration {!f}
Armour
 f - a +5 shield of reflection (worn)
 h - a +0 hat of see invisible
 P - the +0 hat "Noupuivy" (worn) {rPois Int+9}
   (Okawaru gifted it to you on level 2 of the Elven Halls)

   It affects your intelligence (+9).
   It protects you from poison.
Jewellery
 b - the ring "Boacuf" (on tentacle) {Wiz MR+ Int+3}
   (You bought it in a shop on level 5 of the Vaults)

   [ring of wizardry]

   It improves your spell success rate.
   It affects your intelligence (+3).
   It affects your resistance to hostile enchantments.
 g - a ring of protection from fire (left tentacle)
 o - a +4 amulet of reflection (around mantle)
 v - the ring of the Mage (on tentacle) {Wiz MR++ Int+3}
   (You bought it in a shop on level 5 of the Vaults)

   [ring of wizardry]

   It improves your spell success rate.
   It affects your intelligence (+3).
   It affects your resistance to hostile enchantments.
 w - the ring of the Death Scarab (on tentacle) {rN+ MR+ MP+9 Stlth+}
   (You bought it in a shop on level 5 of the Vaults)

   [ring of magical power]

   It protects you from negative energy.
   It affects your resistance to hostile enchantments.
   It affects your magic capacity (+9).
   It makes you more stealthy.
 B - a ring of protection from cold (on tentacle)
 F - the ring of Robustness (on tentacle) {AC+8}
   (You found it on level 1 of the Depths)

   [ring of protection]

   It affects your AC (+8).
 G - a +6 ring of dexterity (on tentacle)
 Y - a +5 ring of protection (right tentacle)
Wands
 l - a wand of digging (5)
 A - a wand of iceblast (36)
 H - a wand of acid (25)
 M - a wand of disintegration (20)
 W - a wand of paralysis (30)
Scrolls
 e - 2 scrolls of enchant armour
 k - a scroll of immolation
 m - 13 scrolls of remove curse
 n - 3 scrolls of fog
 r - a scroll of enchant weapon
 y - a scroll of identify
 E - 10 scrolls of blinking
 I - 13 scrolls of teleportation
 L - 3 scrolls of vulnerability
 N - 3 scrolls of silence
 O - 5 scrolls of noise
 Q - 5 scrolls of fear
Potions
 c - 18 potions of curing
 i - 6 potions of agility
 p - a potion of magic
 t - 3 potions of haste
 u - 7 potions of ambrosia
 x - 4 potions of might
 z - 5 potions of brilliance
 C - a potion of resistance
 S - 8 potions of heal wounds
 T - 7 potions of flight
 U - 2 potions of invisibility
 Z - a potion of berserk rage
Miscellaneous
 R - a lamp of fire
Comestibles
 d - 23 rations


   Skills:
 + Level 24.8(27) Fighting
   Level 3.1(8.1) Short Blades
 - Level 16.0(21.0) Maces & Flails
 + Level 19.3(24.3) Throwing
 - Level 20.1(25.1) Dodging
 - Level 10.0(15.0) Stealth
 - Level 15.0(20.0) Shields
 - Level 5.0 Spellcasting
   Level 3.0 Hexes
 - Level 11.0 Transmutations
 - Level 11.0 Earth Magic
 - Level 8.1 Invocations
 - Level 5.3 Evocations


You had 5 spell levels left.
You knew the following spells:

 Your Spells              Type           Power        Failure   Level  Hunger
a - Poisonous Vapours     Pois/Air       #.....       1%          2    None
b - Statue Form           Tmut/Erth      ######...    1%          6    ######.
c - Borgnjor's Vile Clut  Necr/Erth      ####......   3%          5    #####..
d - Blink                 Tloc           N/A          1%          2    None
e - Apportation           Tloc           #.....       1%          1    None
f - Irradiate             Conj/Tmut      ####......   3%          5    #####..
g - Lee's Rapid Deconstr  Erth           ######....   1%          5    #####..
h - Aura of Abjuration    Summ           #.........   28%         5    #####..


Dungeon Overview and Level Annotations

Branches:
Dungeon (15/15)            Temple (1/1) D:7            Lair (6/6) D:9
 Shoals (4/4) Lair:3       Spider (4/4) Lair:4        Slime (0/5) Lair:6
    Orc (2/2) D:11            Elf (3/3) Orc:2        Vaults (5/5) D:14
  Crypt (0/3) Vaults:2     Depths (5/5) D:15            Zot (5/5) Depths:5

Altars:
Ashenzari
Cheibriados
Dithmenos
Elyvilon
Fedhas
Gozag
Hepliaklqana
Kikubaaqudgha
Makhleb
Nemelex Xobeh
Okawaru
Qazlal
Ru
Sif Muna
Trog
Uskayaw
Vehumet
Wu Jian
Xom
Yredelemnul
Zin
The Shining One
Beogh
Lugonu

Shops:
D:5 }   D:9 *   D:10 %   Orc:2 [}((   Elf:2 }=}   Shoals:2 %   Vaults:2 (
Vaults:4 :*[   Vaults:5 =[!*}   Depths:3 %

Portals:
Hell: Depths:1 Depths:2 Depths:3 Depths:4 Depths:5
Abyss: Depths:4
Pandemonium: Depths:3
Ziggurat: Depths:5

Annotations:
D:3 exclusion: downstairs
D:4 1 runed door
D:5 exclusion: upstairs
D:6 exclusion: black bear
D:11 Nergalle
D:12 exclusion: hydra
Lair:6 exclusion: 3 doors
Spider:1 exclusion: Roxanne, Roxanne
Elf:2 exclusion: dancing weapon
Elf:3 exclusion: upstairs
Depths:5 exclusions: ancient lich, juggernaut and 2 more exclusions
Zot:2 exclusion: orb of fire
Zot:5 1 exclusion


Innate Abilities, Weirdness & Mutations

You cannot wear most types of armour.
You are very stealthy in the water. (Stealth+)
You are amphibious.
You can wear up to eight rings at the same time.
You can use your tentacles to constrict eight enemies at once.
Your skin changes colour to match your surroundings (Stealth+).
Your rubbery body absorbs attacks. (AC +1, EV +1)
Your body sometimes deteriorates upon taking damage.
Your spells are a little easier to cast, but a little less powerful.
You expend magic power (3 MP) to strengthen your wands.


Message History

You puncture the hellwing!
The hellwing is moderately wounded.
You puncture the hellwing!
The hellwing is severely wounded.
You block the hellwing's attack. x2
You impale the hellwing!!
You kill the hellwing!
Okawaru accepts your kill.
(D) Dungeon (T) Temple (L) Lair (A) Shoals (N) Spider Nest (M) Slime Pits (O) Orcish Mines (E) Elven Halls (V) Vaults (C) Crypt (U) Depths (H) Hell (Z) Zot
Where to? (Enter - D:1 @ (x,y), ? - help)
There is a huge open gate here.
You found a teleport trap!
There is an open gate here.
The goblin shouts!
The goblin shouts!
There is a staircase leading out of the dungeon here.
You have escaped!

.# #.# #.#.............# # .# #.#
##.##.##########.###### .#
#.####..##.### #....... .#
#.....#......## ######## .#
#.#.##..####..######### # .#
#.....................# # .#
#.....................# # .#
#..#################..# # .#
#..#≈§§≈≈≈≈@≈≈≈§≈≈≈#..# #
.#####..#≈§§§§≈≈.≈≈≈≈≈≈≈#..# #
.....)..#≈≈≈§.......≈≈≈§#..## #
######..#§§...........≈≈#...#####
#..#§§............≈#........
##..#§.............≈#...###.#
#...###..8.###.8..###...# #.#
#...#g#.....^.....#g#..## #.#
##...#######'''#######..# #.#


You could see 2 goblins.

Vanquished Creatures
  2 orbs of fire (Zot:5)
  Mennas (Depths:5)
  4 ancient liches
  Margery (Depths:5)
  5 Killer Klowns (Zot:5)
  A caustic shrike (Depths:3)
  5 golden dragons
  Nikola (Spider:1)
  4 electric golems
  Arachne (Spider:3)
  6 tentacled monstrosities
  A Hell Sentinel (Zot:2)
  23 Orb Guardians
  Rupert (Lair:4)
  4 liches
  Frances (Shoals:2)
  5 titans
  3 quicksilver dragons
  5 acid blobs (Zot:2)
  5 sphinxes
  Polyphemus (Shoals:3)
  A death cob (Zot:2)
  5 tengu reavers
  10 shadow dragons
  A draconian monk (Zot:2)
  Donald (Shoals:3)
  10 storm dragons
  A fire giant (shapeshifter) (Vaults:5)
  A nagaraja (Vaults:1)
  16 vault wardens
  A draconian knight (Zot:2)
  11 fire giants
  Louise (Shoals:2)
  3 deep elf sorcerers (Vaults:5)
  A balrug (Zot:2)
  11 frost giants
  3 iron dragons
  An orc warlord (Orc:1)
  3 draconian shifters
  3 draconian annihilators
  Aizul (Depths:1)
  4 draconian scorchers
  6 ghost moths
  The ghost of Graouh the Bludgeoner, a journeyman MiFi of Okawaru (Depths:1)
  7 spriggan defenders
  2 draconian stormcallers (Zot:2)
  4 war gargoyles
  9 emperor scorpions
  6 entropy weavers
  13 ironheart preservers
  21 very ugly things
  2 vampire knights
  5 black draconians
  A deep elf demonologist (Elf:1)
  3 green draconians
  9 stone giants
  Azrael (Elf:2)
  14 yellow draconians
  A red draconian (Zot:2)
  6 purple draconians
  9 spark wasps
  A large abomination (Vaults:5)
  15 ettins
  3 merfolk javelineers
  2 ettins (shapeshifter)
  12 merfolk impalers
  11 fire dragons
  A deep elf death mage (Vaults:5)
  3 deep elf high priests
  14 yaktaur captains
  6 great orbs of eyes
  17 ice dragons
  2 small abominations (Vaults:5)
  Fannar (Orc:1)
  A ragged hierophant (Elf:2)
  6 rakshasas
  46 vault guards
  13 hydras
  11 centaur warriors
  A catoblepas (Shoals:3)
  2 spriggan air magi (Depths:5)
  40 two-headed ogres
  An alligator snapping turtle (Shoals:2)
  3 merfolk avatars
  2 vampire magi (Vaults:2)
  2 death knights
  11 death yaks
  3 satyrs
  18 ogre magi
  3 merfolk aquamancers
  3 tengu warriors
  Urug (Orc:1)
  7 deep troll earth magi
  11 deep troll shamans
  21 dancing weapons
  2 sun demons (Zot:2)
  6 spriggan berserkers
  5 hell knights
  5 orc high priests
  17 deep elf knights
  A soul eater (Vaults:2)
  14 iron trolls
  A skeletal warrior (Vaults:1)
  A sixfirhy (Depths:3)
  A fire crab (Lair:6)
  A sea snake (shapeshifter) (Vaults:2)
  9 sea snakes
  4 unseen horrors
  An unseen horror (shapeshifter) (Depths:1)
  32 deep trolls
  A shadow demon (Zot:2)
  2 spriggan druids (Depths:4)
  5 flayed ghosts
  5 phantasmal warriors
  A death drake (shapeshifter) (Depths:2)
  A swamp dragon (Vaults:1)
  13 deep elf archers
  A glowing orange brain (Depths:3)
  4 wizards
  A lindwurm (shapeshifter) (Depths:2)
  A tengu zombie (Vaults:3)
  Pikel (D:7)
  23 harpies
  2 necromancers (Depths:5)
  17 ironbrand convokers
  14 orc knights
  66 deep elf magi
  6 orb spiders
  54 ugly things
  5 orc sorcerers
  27 fauns
  26 wolf spiders
  14 manticores
  9 moths of wrath
  3 oklob plants (Zot:2)
  Maurice (D:11)
  11 cyclopes
  8 merfolk sirens
  2 torpor snails
  A moth of wrath (shapeshifter) (Depths:3)
  A fire giant skeleton (Vaults:3)
  6 elephants
  26 vault sentinels
  6 black mambas
  A guardian serpent (shapeshifter) (Depths:1)
  4 centaur zombies
  An orange demon (Zot:4)
  A rust devil (Depths:3)
  9 water nymphs
  10 spiny frogs
  A smoke demon (Depths:3)
  52 yaktaurs
  A tormentor (Depths:3)
  A komodo dragon (shapeshifter) (D:15)
  4 rime drakes (Lair:6)
  7 freezing wraiths
  4 kobold demonologists
  2 hellwings
  2 komodo dragons
  11 demonic crawlers
  A human skeleton (Vaults:3)
  2 tengu conjurers
  3 hornets (shapeshifter)
  A harpy zombie (D:14)
  35 jumping spiders
  25 merfolk
  A polar bear (Lair:6)
  2 queen bees (shapeshifter)
  A polar bear (shapeshifter) (Vaults:3)
  11 trolls
  31 slime creatures
  4 wind drakes
  9 blink frogs
  2 saltlings (Elf:2)
  A dream sheep (shapeshifter) (Vaults:2)
  19 hornets
  A slime creature (shapeshifter) (Depths:5)
  7 hippogriffs
  6 snapping turtles
  13 dream sheep
  Sigmund (D:4)
  3 air elementals
  2 wyverns
  A vampire (D:13)
  23 spriggans
  30 tarantellas
  86 redbacks
  21 water elementals
  4 wraiths
  40 yaks
  A tarantella (shapeshifter) (Vaults:1)
  A wyvern (shapeshifter) (Depths:3)
  2 basilisks (shapeshifter)
  2 basilisks
  4 fire elementals (Elf:2)
  Grum (D:9)
  2 hungry ghosts
  4 vampire mosquitoes (D:15)
  A chaos spawn (Zot:4)
  A steam dragon (D:7)
  5 wargs
  An acid dragon (shapeshifter) (Vaults:4)
  A soldier ant (D:14)
  14 water moccasins
  49 orc warriors
  4 acid dragons
  A floating eye (Depths:1)
  17 porcupines
  12 hell hounds
  2 slaves (D:7)
  4 phantoms
  6 ice beasts
  5 sky beasts
  2 eyes of draining
  A black bear (D:10)
  An ogre (shapeshifter) (Vaults:5)
  27 ogres
  43 wolves
  9 boggarts
  A crocodile (shapeshifter) (Vaults:3)
  A wolf (shapeshifter) (Vaults:5)
  30 centaurs
  12 crocodiles
  9 big kobolds
  21 bullfrogs
  A wyvern zombie (D:12)
  2 earth elementals
  3 wyvern skeletons
  36 scorpions
  9 killer bees
  11 wights
  3 howler monkeys
  An electric eel (Spider:4)
  9 crimson imps
  A quasit (D:13)
  A bullfrog zombie (D:6)
  6 bullfrog skeletons
  15 jellies
  2 centaur skeletons
  8 hounds
  33 orc priests
  29 orc wizards
  Ijyb (D:5)
  Jessica (D:3)
  4 iguanas
  14 worker ants
  A killer bee zombie (D:8)
  16 adders
  A shadow imp (D:14)
  An adder skeleton (D:4)
  An adder zombie (D:8)
  A worm (shapeshifter) (Vaults:5)
  6 worms
  4 dart slugs
  5 leopard geckos
  115 orcs
  2 ball pythons
  A ball python (shapeshifter) (Vaults:5)
  6 giant cockroaches
  9 hobgoblins
  6 jackals
  3 quokkas
  7 bats
  6 frilled lizards
  11 goblins
  A jackal skeleton (D:5)
  20 kobolds
  A leopard gecko skeleton (D:5)
  A leopard gecko zombie (D:5)
  8 rats
  A crawling corpse (Vaults:5)
  2 plants (Shoals:3)
2267 creatures vanquished.

Vanquished Creatures (others)
  A golden dragon (Zot:5)
  the Enchantress (Depths:5)
  A draconian knight (Depths:5)
  A stone giant (Depths:5)
  5 merfolk javelineers
  4 yaktaur captains
  A centaur warrior (Vaults:1)
  An ogre mage (Vaults:5)
  3 satyrs
  A deep elf knight (Elf:2)
  4 deep elf archers
  An ironbrand convoker (Vaults:1)
  A necromancer (Vaults:3)
  8 fauns
  3 cyclopes
  14 yaktaurs
  A merfolk (Shoals:3)
  A hippogriff (Shoals:4)
  A spriggan (Depths:5)
  2 redbacks (Spider:1)
  A chaos spawn (Zot:5)
  A fire bat (shapeshifter) (Vaults:5)
  A slave (D:9)
  3 ogres
  7 centaurs
  3 orcs
  4 fungi
  33 plants
108 creatures vanquished.

Grand Total: 2375 creatures vanquished

Notes
Turn   | Place    | Note
-------+----------+-------------------------------------------
     0 | D:1      | Zwobot the Octopode Arcane Marksman began the quest for the Orb.
     0 | D:1      | Reached XP level 1. HP: 13/13 MP: 2/2
    36 | D:1      | Reached skill level 1 in Stealth
   280 | D:1      | Reached XP level 2. HP: 10/18 MP: 3/3
   868 | D:1      | Reached XP level 3. HP: 23/23 MP: 4/4
  1391 | D:2      | Found a faded altar of an unknown god.
  1597 | D:2      | Reached XP level 4. HP: 25/28 MP: 5/5
  1726 | D:2      | Found an iron altar of Okawaru.
  1796 | D:2      | Became a worshipper of Warmaster Okawaru
  2523 | D:3      | Found a glowing golden altar of the Shining One.
  2576 | D:3      | Noticed Jessica
  2579 | D:3      | Killed Jessica
  2579 | D:3      | Reached XP level 5. HP: 33/33 MP: 6/6
  2883 | D:3      | Found a shattered altar of Ashenzari.
  2987 | D:3      | Reached skill level 5 in Throwing
  3567 | D:4      | Noticed Sigmund
  3973 | D:4      | Reached skill level 1 in Short Blades
  3973 | D:4      | Reached XP level 6. HP: 35/38 MP: 7/7
  3994 | D:4      | Noticed a phantom
  4230 | D:4      | Found a runed door.
  4273 | D:5      | Entered Level 5 of the Dungeon
  4323 | D:5      | Found Legaqitrep's Gadget Shop.
  4356 | D:5      | Reached skill level 1 in Evocations
  5001 | D:5      | Reached XP level 7. HP: 42/43 MP: 8/10
  5034 | D:5      | Reached * piety under Okawaru
  5573 | D:6      | Reached skill level 5 in Evocations
  5574 | D:6      | Reached skill level 2 in Fighting
  5849 | D:6      | Reached skill level 3 in Fighting
  5850 | D:6      | Reached skill level 4 in Fighting
  5850 | D:6      | Reached XP level 8. HP: 41/54 MP: 8/11
  5855 | D:6      | Learned a level 2 spell: Slow
  6294 | D:6      | Found a basalt altar of Yredelemnul.
  6574 | D:6      | Reached ** piety under Okawaru
  6781 | D:6      | Found a shadowy altar of Dithmenos.
  7060 | D:7      | Noticed Pikel
  7080 | D:7      | Killed Pikel
  7080 | D:7      | Reached skill level 1 in Shields
  7080 | D:7      | Reached XP level 9. HP: 52/60 MP: 11/13
  7136 | D:7      | Reached skill level 5 in Fighting
  7629 | D:7      | Reached skill level 1 in Maces & Flails
  7671 | D:7      | Reached skill level 5 in Stealth
  7907 | D:7      | Found a blossoming altar of Fedhas.
  7963 | D:7      | Found a staircase to the Ecumenical Temple.
  8030 | Temple   | Entered the Ecumenical Temple
  8534 | D:8      | Found a snail-covered altar of Cheibriados.
  8685 | D:8      | Noticed a two-headed ogre
  8747 | D:5      | Found a hazy altar of Hepliaklqana.
  8926 | D:5      | Found a sacrificial altar of Ru.
  8926 | D:5      | Found a bloodstained altar of Trog.
  8934 | D:5      | Noticed Ijyb
  8937 | D:5      | Killed Ijyb
  9099 | D:5      | Bought a wand of clouds (4) for 312 gold pieces
  9184 | D:4      | Killed Sigmund
  9184 | D:4      | Reached skill level 1 in Invocations
  9368 | D:4      | Found a sparkling altar of Nemelex Xobeh.
  9441 | D:4      | Reached skill level 6 in Fighting
  9539 | D:4      | Reached XP level 10. HP: 68/68 MP: 14/14
  9937 | D:8      | Found a deep blue altar of Sif Muna.
 10055 | D:8      | Found a white marble altar of Elyvilon.
 10193 | D:8      | Found a hide-covered altar of Uskayaw.
 10205 | D:8      | Reached skill level 5 in Dodging
 10212 | D:8      | Reached *** piety under Okawaru
 10542 | D:9      | Noticed Grum
 10558 | D:9      | Killed Grum
 10576 | D:9      | Received a gift from Okawaru
 10577 | D:9      | Reached skill level 5 in Maces & Flails
 10597 | D:9      | Noticed a two-headed ogre
 10818 | D:9      | Noticed a manticore
 10909 | D:9      | Killed a manticore
 11017 | D:9      | Killed a two-headed ogre
 11105 | D:9      | Reached **** piety under Okawaru
 11112 | D:9      | Reached skill level 7 in Fighting
 11112 | D:9      | Reached skill level 5 in Shields
 11203 | D:9      | Reached XP level 11. HP: 66/75 MP: 15/15
 11256 | D:9      | Found a staircase to the Lair.
 11441 | D:9      | Learned a level 6 spell: Statue Form
 11515 | D:9      | Found Gozag's Platinum Reserve.
 11519 | D:9      | Found an opulent altar of Gozag.
 11530 | D:9      | Received a gift from Okawaru
 11975 | D:10     | Entered Level 10 of the Dungeon
 12194 | D:10     | Found Rawawuezia's Food Emporium.
 12419 | D:10     | Noticed a two-headed ogre
 12430 | D:10     | Killed a two-headed ogre
 12918 | D:10     | Got an encrusted dagger
 13105 | D:11     | Noticed a brown ugly thing
 13116 | D:11     | Killed a brown ugly thing
 13116 | D:11     | Reached skill level 5 in Invocations
 13165 | D:11     | Noticed a two-headed ogre
 13173 | D:11     | Killed a two-headed ogre
 13173 | D:11     | Reached ***** piety under Okawaru
 13258 | D:11     | Received a gift from Okawaru
 13260 | D:11     | Found a staircase to the Orcish Mines.
 13282 | D:11     | Noticed a red ugly thing
 13290 | D:11     | Killed a red ugly thing
 13336 | D:11     | Noticed a manticore
 13349 | D:11     | Killed a manticore
 13349 | D:11     | Reached skill level 8 in Fighting
 13608 | D:11     | Noticed a two-headed ogre
 13617 | D:11     | Killed a two-headed ogre
 13692 | D:11     | Killed an unseen horror
 13692 | D:11     | Received a gift from Okawaru
 14035 | D:11     | Noticed Nergalle
 14116 | D:11     | Reached XP level 12. HP: 82/83 MP: 16/16
 14254 | Lair:1   | Entered Level 1 of the Lair of Beasts
 14341 | Lair:1   | Noticed a five-headed hydra
 14350 | Lair:1   | Killed a five-headed hydra
 14351 | Lair:1   | Noticed a four-headed hydra
 14360 | Lair:1   | Killed a four-headed hydra
 14438 | Lair:1   | Received a gift from Okawaru
 14760 | Lair:1   | Reached skill level 10 in Maces & Flails
 14865 | Lair:1   | Noticed a spriggan rider
 14871 | Lair:1   | Reached skill level 9 in Fighting
 15169 | Lair:1   | Learned a level 2 spell: Blink
 15863 | Lair:2   | Noticed an eight-headed hydra
 15870 | Lair:2   | Killed an eight-headed hydra
 16063 | D:8      | Killed a two-headed ogre
 16063 | D:8      | Reached XP level 13. HP: 90/90 MP: 15/17
 16167 | D:5      | Bought a wand of clouds (2) for 234 gold pieces
 17313 | Lair:3   | Received a gift from Okawaru
 17313 | Lair:3   | Reached skill level 1 in Transmutations
 17313 | Lair:3   | Reached skill level 1 in Earth Magic
 18208 | Lair:3   | Found a staircase to the Shoals.
 18245 | Lair:4   | Found a hole to the Spider Nest.
 18258 | Lair:4   | Learned a level 2 spell: Poisonous Vapours
 19240 | Lair:5   | Received a gift from Okawaru
 19248 | Lair:5   | Got a bloodstained buckler {god gift}
 19314 | Lair:4   | Identified the +3 buckler of Dyspraxia {-Tele rCorr Dex+4} (Okawaru gifted it to you on level 5 of the Lair of Beasts)
 19780 | Lair:5   | Reached skill level 10 in Fighting
 19949 | Lair:4   | Reached skill level 10 in Shields
 20198 | Lair:4   | Reached skill level 5 in Earth Magic
 20216 | Lair:5   | Reached skill level 5 in Transmutations
 20394 | Lair:5   | Reached XP level 14. HP: 79/99 MP: 19/19
 20418 | Lair:6   | Entered Level 6 of the Lair of Beasts
 20693 | Lair:6   | Received a gift from Okawaru
 21016 | Lair:6   | Received a gift from Okawaru
 21507 | Lair:6   | Found a staircase to the Slime Pits.
 21807 | Lair:6   | Identified a scroll of acquirement
 21817 | Lair:6   | Got a glittering lead ring
 21818 | Lair:6   | Identified the ring "Laexzie" {+Inv rPois} (You acquired it on level 6 of the Lair of Beasts)
 23174 | D:13     | Reached skill level 5 in Spellcasting
 23332 | D:13     | Received a gift from Okawaru
 23684 | D:13     | Identified the +12 dagger "Ezumi" {protect, rC+ Dex+6} (You found it on level 10 of the Dungeon)
 23713 | D:13     | Received a gift from Okawaru
 24503 | D:14     | Reached XP level 15. HP: 100/103 MP: 22/22
 24875 | D:14     | Found a gate to the Vaults.
 24916 | D:14     | Reached skill level 10 in Transmutations
 24916 | D:14     | Reached skill level 10 in Earth Magic
 25165 | D:14     | Received a gift from Okawaru
 25570 | D:15     | Entered Level 15 of the Dungeon
 25673 | D:15     | Received a gift from Okawaru
 25984 | D:15     | Found a staircase to the Depths.
 26542 | D:15     | Received a gift from Okawaru
 26818 | Orc:1    | Entered Level 1 of the Orcish Mines
 26818 | Orc:1    | Noticed Maurice
 26818 | Orc:1    | Noticed an orc warlord
 26843 | D:11     | Killed Maurice
 26948 | Orc:1    | Found a roughly hewn altar of Beogh.
 26959 | Orc:1    | Killed an orc warlord
 27064 | Orc:2    | Entered Level 2 of the Orcish Mines
 27389 | Orc:1    | Noticed Urug
 27431 | Orc:1    | Killed Urug
 27524 | Orc:1    | Noticed Fannar
 27539 | Orc:1    | Killed Fannar
 27772 | Orc:2    | Received a gift from Okawaru
 27983 | Orc:2    | Found a burning altar of Makhleb.
 28646 | Orc:2    | Found a staircase to the Elven Halls.
 29051 | Orc:2    | Found Rorakh's Antique Armour Emporium.
 29051 | Orc:2    | Found Foschidi's Weapon Shoppe.
 29051 | Orc:2    | Found Seskuax's Gadget Emporium.
 29056 | Orc:2    | Found Hausiz's Antique Weapon Shoppe.
 29284 | Elf:1    | Entered Level 1 of the Elven Halls
 29324 | Elf:1    | Reached XP level 16. HP: 80/109 MP: 14/23
 29604 | Elf:1    | Received a gift from Okawaru
 29608 | Elf:1    | Identified the +2 hat of Winter {-Cast rN+++ Str+9 Dex-5} (Okawaru gifted it to you on level 1 of the Elven Halls)
 29703 | Elf:1    | Noticed a Tzitzimitl
 29710 | Elf:1    | Noticed a Hell Sentinel
 29939 | Elf:1    | Gained mutation: Your spells are a little easier to cast, but a little less powerful. [a neqoxec]
 30475 | Elf:2    | Received a gift from Okawaru
 30496 | Elf:2    | Got a steaming hat {god gift}
 30504 | Elf:2    | Found a ruined gateway.
 30549 | Elf:2    | Identified the +0 hat "Noupuivy" {rPois Int+9} (Okawaru gifted it to you on level 2 of the Elven Halls)
 30588 | Elf:2    | Found Esutaqyt's Gadget Shop.
 30591 | Elf:2    | Found Zifygi's Jewellery Shoppe.
 30593 | Elf:2    | Found Boukutto's Gadget Shop.
 30599 | Elf:2    | Bought a +5 ring of protection for 880 gold pieces
 30619 | Elf:2    | Bought a +4 amulet of reflection for 432 gold pieces
 30619 | Elf:2    | Bought an uncursed ring of protection from fire for 400 gold pieces
 30913 | Elf:2    | Found a runed gate.
 30913 | Elf:2    | Found a runed gate.
 30915 | Elf:2    | Found a runed gate.
 31020 | Elf:2    | Reached skill level 15 in Shields
 31023 | Elf:2    | Noticed Azrael
 31520 | Elf:2    | Killed Azrael
 31524 | Elf:2    | Reached XP level 17. HP: 115/115 MP: 16/24
 31765 | Elf:3    | Entered Level 3 of the Elven Halls
 32357 | Elf:3    | Learned a level 5 spell: Irradiate
 32638 | Spider:1 | Entered Level 1 of the Spider Nest
 33132 | Spider:1 | Noticed Rupert
 33157 | Spider:1 | Paralysed by Rupert for 2 turns
 33169 | Lair:4   | Killed Rupert
 33284 | Spider:1 | Received a gift from Okawaru
 33284 | Spider:1 | Reached skill level 11 in Fighting
 33286 | Spider:1 | Noticed Nikola
 33297 | Spider:1 | Killed Nikola
 33357 | Spider:1 | Noticed Roxanne
 33823 | Spider:1 | Reached skill level 10 in Dodging
 33984 | Spider:2 | Received a gift from Okawaru
 33985 | Spider:2 | Got a heavily runed hat {god gift}
 34010 | Spider:1 | Identified the +0 hat of Life {rF+ Dex+4} (Okawaru gifted it to you on level 2 of the Spider Nest)
 34660 | Spider:3 | Noticed Arachne
 34663 | Spider:3 | Reached XP level 18. HP: 125/125 MP: 15/25
 34687 | Spider:3 | Killed Arachne
 35408 | Spider:4 | Entered Level 4 of the Spider Nest
 35615 | Spider:4 | Reached skill level 12 in Fighting
 35960 | Spider:4 | Received a gift from Okawaru
 36215 | Spider:4 | Reached skill level 15 in Maces & Flails
 36282 | Spider:4 | Got a gossamer rune of Zot
 36423 | Shoals:1 | Entered Level 1 of the Shoals
 36521 | Shoals:1 | Received a gift from Okawaru
 37292 | Shoals:2 | Reached ****** piety under Okawaru
 37366 | Shoals:2 | Received a gift from Okawaru
 37437 | Shoals:2 | Noticed Louise
 37447 | Shoals:2 | Killed Louise
 37448 | Shoals:2 | Noticed Frances
 37469 | Shoals:2 | Killed Frances
 37471 | Shoals:2 | Reached XP level 19. HP: 133/133 MP: 19/26
 37476 | Shoals:2 | Received a gift from Okawaru
 37683 | Shoals:2 | Reached skill level 13 in Fighting
 37718 | Shoals:2 | Found Gexorourch's Food Boutique.
 38256 | Shoals:3 | Received a gift from Okawaru
 38566 | Shoals:3 | Noticed Donald
 38588 | Shoals:3 | Killed Donald
 38588 | Shoals:3 | Received a gift from Okawaru
 38621 | Shoals:3 | Noticed Polyphemus
 38706 | Shoals:3 | Killed Polyphemus
 39337 | Shoals:4 | Entered Level 4 of the Shoals
 39772 | Shoals:4 | Learned a level 1 spell: Apportation
 39832 | Shoals:4 | Reached skill level 14 in Fighting
 40099 | Shoals:4 | Got a barnacled rune of Zot
 40667 | Vaults:1 | Entered Level 1 of the Vaults
 40706 | Vaults:1 | Reached XP level 20. HP: 143/143 MP: 27/27
 40800 | Vaults:1 | Received a gift from Okawaru
 40839 | Vaults:1 | Reached skill level 10 in Throwing
 40992 | Vaults:1 | Received a gift from Okawaru
 40999 | Vaults:1 | Reached skill level 15 in Fighting
 41085 | Vaults:1 | Received a gift from Okawaru
 41725 | Vaults:1 | Received a gift from Okawaru
 42390 | Vaults:2 | Reached XP level 21. HP: 152/152 MP: 26/28
 42667 | Vaults:2 | Received a gift from Okawaru
 42673 | Vaults:2 | Identified the +0 hat "Uhuameik" {rF- Int+4} (Okawaru gifted it to you on level 2 of the Vaults)
 42900 | Vaults:2 | Reached skill level 15 in Dodging
 43082 | Vaults:2 | Found Betuss's Antique Weapon Emporium.
 43444 | Vaults:2 | Reached skill level 16 in Fighting
 43480 | Vaults:2 | Found a staircase to the Crypt.
 43882 | Vaults:3 | Found a flickering gateway to a bazaar.
 43891 | Bazaar   | Entered a bazaar
 43891 | Bazaar   | Found Joyr Tetz's Food Shoppe.
 43891 | Bazaar   | Found Dos Qoc's Distillery.
 43916 | Bazaar   | Bought a potion of haste for 90 gold pieces
 43916 | Bazaar   | Bought a potion of haste for 90 gold pieces
 43916 | Bazaar   | Bought a potion of heal wounds for 45 gold pieces
 43916 | Bazaar   | Bought a potion of invisibility for 72 gold pieces
 44032 | Vaults:3 | Received a gift from Okawaru
 44059 | Vaults:3 | Received a gift from Okawaru
 44122 | Vaults:3 | Received a gift from Okawaru
 44162 | Vaults:3 | Learned a level 5 spell: Borgnjor's Vile Clutch
 44947 | Vaults:3 | Reached skill level 10 in Stealth
 45256 | Vaults:4 | Reached XP level 22. HP: 161/161 MP: 29/29
 45291 | Vaults:4 | Received a gift from Okawaru
 45391 | Vaults:4 | Found Siqioj's Book Emporium.
 45485 | Vaults:4 | Received a gift from Okawaru
 45668 | Vaults:4 | Found Mol Vief's Assorted Antiques.
 45676 | Vaults:4 | Bought a ring of protection for 64 gold pieces
 45944 | Vaults:4 | Found Yput's Armour Shop.
 46140 | Vaults:4 | Reached skill level 17 in Fighting
 46693 | Vaults:4 | Learned a level 5 spell: Lee's Rapid Deconstruction
 46699 | Vaults:4 | Learned a level 5 spell: Aura of Abjuration
 46702 | Vaults:5 | Entered Level 5 of the Vaults
 46866 | Vaults:5 | Received a gift from Okawaru
 46931 | Vaults:5 | Received a gift from Okawaru
 46933 | Vaults:5 | Reached skill level 18 in Fighting
 46950 | Vaults:5 | Received a gift from Okawaru
 47000 | Vaults:5 | Reached XP level 23. HP: 172/172 MP: 20/30
 47018 | Vaults:5 | Identified the +0 hat of an ice cave {rC+ Int+4 Stlth+} (Okawaru gifted it to you on level 5 of the Vaults)
 47079 | Vaults:5 | Noticed an ancient lich
 47089 | Vaults:5 | Cast into level 5 of the Abyss (an ancient lich)
 47089 | Abyss:5  | Entered Level 5 of the Abyss
 47116 | Vaults:5 | Escaped the Abyss
 47129 | Vaults:5 | Killed an ancient lich
 47586 | Vaults:5 | Noticed a golden dragon
 47607 | Vaults:5 | Reached skill level 19 in Fighting
 47629 | Vaults:5 | Killed a golden dragon
 47629 | Vaults:5 | Reached skill level 15 in Throwing
 47637 | Vaults:5 | Received a gift from Okawaru
 47954 | Vaults:5 | Got a transparent lead amulet
 47986 | Vaults:5 | Found Reyky's Antique Armour Emporium.
 48126 | Vaults:5 | Found Quur's Distillery.
 48127 | Vaults:5 | Found Komudicil's Jewellery Shoppe.
 48132 | Vaults:5 | Bought the ring of the Death Scarab {rN+ MR+ MP+9 Stlth+} for 712 gold pieces
 48132 | Vaults:5 | Bought the ring "Boacuf" {Wiz MR+ Int+3} for 880 gold pieces
 48132 | Vaults:5 | Bought the ring of the Mage {Wiz MR++ Int+3} for 930 gold pieces
 48132 | Vaults:5 | Found the ring of the Mage {Wiz MR++ Int+3}
 48132 | Vaults:5 | Identified the amulet of Yneno {Gourm MR+ Int+4} (You took it off a vault warden on level 5 of the Vaults)
 48157 | Vaults:5 | Got a silver rune of Zot
 48168 | Vaults:5 | Bought a potion of haste for 130 gold pieces
 48168 | Vaults:5 | Bought a potion of cancellation for 104 gold pieces
 48168 | Vaults:5 | Bought a potion of haste for 130 gold pieces
 48188 | Vaults:5 | Found Othrunwur's Gadget Shop.
 48195 | Vaults:5 | Found Acacop's General Store.
 48200 | Vaults:5 | Bought a scroll of magic mapping for 66 gold pieces
 48650 | Depths:1 | Entered Level 1 of the Depths
 48680 | Depths:1 | Received a gift from Okawaru
 48714 | Depths:1 | Found a gateway to Hell.
 48897 | Depths:1 | Received a gift from Okawaru
 48968 | Depths:1 | Noticed Aizul
 48986 | Depths:1 | Killed Aizul
 49181 | Depths:1 | Found the ring of Robustness {AC+8}
 49289 | Depths:1 | Paralysed by a floating eye for 3 turns
 49309 | Depths:1 | Reached XP level 24. HP: 182/182 MP: 30/30
 49799 | Depths:1 | Noticed Graouh's ghost (journeyman MiFi)
 49811 | Depths:1 | Killed Graouh's ghost
 49911 | Depths:2 | Reached skill level 20 in Fighting
 50070 | Depths:2 | Received a gift from Okawaru
 50133 | Depths:2 | Received a gift from Okawaru
 51288 | Depths:2 | Received a gift from Okawaru
 51393 | Depths:3 | Reached skill level 21 in Fighting
 51525 | Depths:3 | Found a one-way gate leading to the halls of Pandemonium.
 51784 | Depths:3 | Found Higicys's Food Emporium.
 51792 | Depths:3 | Bought a ration for 50 gold pieces
 51792 | Depths:3 | Bought a ration for 50 gold pieces
 51792 | Depths:3 | Bought a ration for 50 gold pieces
 51792 | Depths:3 | Bought a ration for 50 gold pieces
 51816 | Depths:3 | Noticed a caustic shrike
 51877 | Depths:3 | Reached XP level 25. HP: 154/192 MP: 30/30
 51943 | Depths:3 | Received a gift from Okawaru
 52830 | Depths:4 | Found a corrupted altar of Lugonu.
 52830 | Depths:4 | Found a one-way gate to the infinite horrors of the Abyss.
 53111 | Depths:4 | Found a flickering gateway to a bazaar.
 53118 | Bazaar   | Entered a bazaar
 53122 | Bazaar   | Found Woakelua's Weapon Boutique.
 53141 | Bazaar   | Found Pataleyt's Antique Armour Shoppe.
 53159 | Bazaar   | Found Pasa Puw's Book Boutique.
 53176 | Bazaar   | Found Poegg's Antique Weapon Emporium.
 53634 | Depths:5 | Entered Level 5 of the Depths
 53741 | Depths:5 | Noticed a juggernaut
 53776 | Depths:5 | Noticed Margery
 53784 | Depths:5 | Killed Margery
 53784 | Depths:5 | Reached skill level 22 in Fighting
 53791 | Depths:5 | Noticed the Enchantress
 53799 | Depths:5 | Killed the Enchantress
 53841 | Depths:5 | Received a gift from Okawaru
 53873 | Depths:5 | Found a gate to the Realm of Zot.
 53891 | Depths:5 | Identified the +0 hat of the Elven Halls {rF+ Str+6} (Okawaru gifted it to you on level 5 of the Depths)
 53893 | Depths:5 | Identified the +0 faerie dragon scales {rPois rN+ rCorr} (You found it on level 5 of the Depths)
 54006 | Depths:5 | Found a gateway to a bazaar.
 54017 | Bazaar   | Entered a bazaar
 54024 | Bazaar   | Found Vaonethu's Antique Weapon Emporium.
 54038 | Bazaar   | Found Caoddola's Antique Weapon Shoppe.
 54054 | Bazaar   | Found Feenup's Antique Armour Emporium.
 54065 | Bazaar   | Found Quireakh's Antique Armour Shoppe.
 54168 | Depths:5 | Noticed Mennas
 54182 | Depths:5 | Killed Mennas
 54306 | Depths:5 | Found a gateway to a ziggurat.
 54306 | Depths:5 | Noticed an ancient lich
 54497 | Depths:5 | Reached XP level 26. HP: 203/203 MP: 30/30
 54806 | Zot:1    | Entered Level 1 of the Realm of Zot
 55108 | Zot:2    | Received a gift from Okawaru
 55158 | Zot:2    | Reached skill level 23 in Fighting
 55280 | Zot:2    | Noticed an orb of fire
 55413 | Zot:2    | Received a gift from Okawaru
 55576 | Zot:2    | Received a gift from Okawaru
 56061 | Zot:5    | Entered Level 5 of the Realm of Zot
 56201 | Zot:5    | Received a gift from Okawaru
 56346 | Zot:5    | Received a gift from Okawaru
 56589 | Zot:5    | Received a gift from Okawaru
 56743 | Zot:5    | Reached XP level 27. HP: 213/213 MP: 30/30
 56752 | Zot:5    | Noticed an orb of fire
 56764 | Zot:5    | Killed an orb of fire
 56775 | Zot:5    | Received a gift from Okawaru
 56775 | Zot:5    | Reached skill level 24 in Fighting
 56821 | Zot:5    | Noticed an ancient lich
 56834 | Zot:5    | Killed an ancient lich
 56834 | Zot:5    | Received a gift from Okawaru
 56849 | Zot:5    | Noticed an ancient lich
 56860 | Zot:5    | Killed an ancient lich
 56934 | Zot:5    | Received a gift from Okawaru
 56945 | Zot:5    | Noticed an ancient lich
 56955 | Zot:5    | Killed an ancient lich
 56955 | Zot:5    | Received a gift from Okawaru
 56968 | Zot:5    | Got the Orb of Zot
 57067 | Zot:4    | Gained mutation: You expend magic power (3 MP) to strengthen your wands. [a neqoxec]
 57074 | Zot:5    | Noticed Vygrocheac the pandemonium lord
 57085 | Zot:5    | Noticed an orb of fire
 57094 | Zot:5    | Gained mutation: Your body sometimes deteriorates upon taking damage. [an orb of fire]
 57099 | Zot:5    | Killed an orb of fire
 57841 | D:$      | Escaped with the Orb!

Vault maps used:
D:1:      lordsloth_arrival_two_stooges, st_stairs_7, corner_web_ring,
          minmay_split_cup_small
D:2:      chequers_ecumenical_altar_island, kennysheep_okawaru_gauntlet
D:3:      old_standard_altar, ashenzari_altar_1, uniq_jessica
D:4:      kennysheep_mini, uniq_crazy_yiuf_cottage, uniq_sigmund
D:5:      nicolae_overflow_hidden_temple, gammafunk_temple_overflow_elements,
          serial_shops, shop, first_ration, uniq_ijyb
D:6:      basic_altar, grunt_dithmenos_smoke_and_mirrors
D:7:      fedhas_altar_4, minmay_temple_entry_enclosed_plants, grunt_ogre_cave,
          uniq_pikel
D:8:      eat_drink_and_be_merry_uskayaw, overflow_temple_1_default,
          lemuel_blue_sif_altar, elyvilon_altar_1
D:9:      lair_entry_dummy, serial_corexii_hall, corexii_hall_statues_s,
          corexii_hall_statues_l, nicolae_gozag_zags_fifth_avenue, uniq_grum
D:10:     serial_shops, shop, serial_corexii_hall, corexii_hall_statues_l,
          corexii_hall_statues_l
D:11:     orc_0_dummy, uniq_nergalle
D:12:     minmay_misc_feat_five
D:14:     hangedman_vaults_entry_quadrant_bands, nicolae_two_hexagons
D:15:     gammafunk_enter_depths_forms, serial_co_window_serial,
          co_window_corner_a, co_window_paths_a, co_window_paths_b,
          co_window_of_opportunity_a, co_window_of_opportunity_a,
          co_window_broadway_b, co_window_2corner, co_window_of_opportunity_b,
          co_window_paths_c, co_window_paths_d, glass_columns_a,
          glass_columns_a, glass_columns_a, glass_columns_b, glass_columns_b,
          minmay_tree_intersection, hangedman_decor_growths
Temple:   hc_temple_tempest_star
Lair:1:   grunt_forest_large_clearings
Lair:2:   grunt_megastairs_4, lemuel_fruit_tree
Lair:3:   minmay_shoals_entry_hut, grunt_megastairs_3
Lair:4:   nicolae_spider_entry_non_spiders
Lair:5:   beast_lair_carwin_large_3
Lair:6:   evil_forest, minmay_slime_entry_pillars,
          grunt_forest_large_clearing_hut, serial_bayou_shore_b,
          grunt_megastairs_1
Shoals:2: serial_shops, nicolae_shop_window_shopping, uniq_frances, uniq_louise
Shoals:3: cheibrodos_shoals_satyrical_garden, uniq_donald, uniq_polyphemus
Shoals:4: shoals_end_hangedman, shoals_ilsuiw_alternative
Spider:1: spiders_nest_a, uniq_roxanne, uniq_nikola, uniq_rupert
Spider:3: hangedman_spider_tarantella_strand, uniq_arachne
Spider:4: spider_rune_water
Orc:1:    basic_altar, nicolae_orc_flooded_monolith, uniq_urug, uniq_maurice,
          uniq_fannar
Orc:2:    st_orc_mages, basic_altar
Elf:1:    kennysheep_underground_church
Elf:2:    portal_desolation_entry_salt, minmay_shop_grove, uniq_azrael
Elf:3:    minmay_elf_hall_dome
Vaults:1: hangedman_vaults_nails, st_greater_box_3,
          nicolae_vaults_network_periphery, nicolae_vaults_inception_statues,
          grunt_vaults_diagonal, nicolae_vaults_arrows, vaults_room_boxed,
          v_misc_28, vaults_room_corners, vaults_dpeg_ring, vaults_dpeg_hooks,
          v_misc_25, grunt_vaults_hallway_short
Vaults:2: minmay_crypt_entry_simple_round, hangedman_vaults_slice,
          nicolae_vaults_meeting, vaults_mumra_hex, v_pattern_4,
          vaults_room_grunt_arrival_checkpoint,
          nicolae_vaults_mini_display_case, nicolae_vaults_little_squares_3,
          serial_shops, shop
Vaults:3: ontoclasm_vaults_misaligned, hangedman_vaults_cutoff,
          nicolae_vaults_shelves_hall, grunt_vaults_bifocal,
          vaults_room_door_hall, grunt_vaults_hallway_long,
          vaults_room_semicircle, ontoclasm_vaults_decontamination,
          ontoclasm_vaults_chip, serial_shops, bzr_firewalk
Vaults:4: v_rooms_3, hangedman_vaults_river_flow, nicolae_vaults_network_star,
          ontoclasm_vaults_ring_small, ontoclasm_vaults_shuriken,
          grunt_vaults_funnel, v_misc_30, nicolae_vaults_alarming,
          vaults_room_hallway, serial_shops, shop_coins,
          nicolae_shop_waterfront, nicolae_shop_statue_plus
Depths:1: minmay_stepped, grunt_hell_horde,
          hangedman_abyss_or_decor_lesser_grid, minmay_misc_feat_enclosed,
          nrook_pool_corridor, hex_medium, nicolae_benzene_ring,
          columned_hall_lemuel, hangedman_abyss_or_decor_slice,
          minmay_guarded_unrand_robustness, serial_bayou_shore_b, uniq_aizul
Depths:2: lemuel_castle_with_subvaults, grunt_decor_clamped, serial_bayou,
          serial_bayou_shore_a, serial_bayou_pond_e, serial_bayou_lagoon_b,
          serial_bayou_pond_c, pf_vacation_house_of_asmodeus, mu_enter_wizlab_1,
          minmay_staircase_statues
Depths:3: minmay_triangles_in_corner, rand_demon_pan_entry_5, serial_shops,
          nicolae_shop_waterfront, minmay_misc_feat_doors, hell_entry,
          firewood_loft, serial_bayou_shore_b, infiniplex_staircase_zigzag_2
Depths:4: minmay_spriggan_fort, hell_entry, hangedman_decor_peaks_small,
          abyss_entry_flame_altar, serial_shops, bzr_entry_water,
          minmay_acid_items, infiniplex_staircase_zigzag_3
Depths:5: grunt_crosshair, enter_ziggurat_c, hangedman_decor_lopped, hell_entry,
          serial_shops, bzr_entry_safe, eino_small_chamber_without_monster,
          uniq_mennas, uniq_margery, uniq_enchantress
Zot:1:    circus_mu
Zot:2:    lemuel_acid_trip, st_stairs_4
Abyss:5:  hangedman_abyss_rune_macabre_mess, guppyfry_abyss_exit_imp_island,
          hangedman_abyss_or_decor_stabs, minivault_27, hangedman_abyss_sting
Bazaar:   bazaar_minmay_row, bazaar_jpeg_circle_common,
          bazaar_minmay_armour_weapon

Skill      XL: |  1  2  3  4  5  6  7  8  9 10 11 12 13 14 15 16 17 18 19 20 21 22 23 24 25 26 27 |
---------------+----------------------------------------------------------------------------------+-----
Stealth        | 2 3 4 5 10 | 10.0
Throwing       | 3 4 5 6 7 9 11 13 15 16 17 19 | 19.3
Short Blades   | 1 3 |  3.1
Evocations     | 4 5 |  5.3
Fighting       | 4 6 7 8 9 10 11 12 14 15 16 18 19 21 22 23 24 | 24.8
Dodging        | 3 4 6 7 8 10 11 13 14 15 16 18 19 20 | 20.1
Shields        | 1 3 5 6 8 10 11 15 | 15.0
Maces & Flails | 3 6 8 10 11 13 15 16 | 16.0
Invocations    | 1 4 5 8 |  8.1
Transmutations | 5 9 11 | 11.0
Earth Magic    | 5 9 11 | 11.0
Spellcasting   | 3 5 |  5.0
Hexes          | |  3.0

Action                   |  1- 3 |  4- 6 |  7- 9 | 10-12 | 13-15 | 16-18 | 19-21 | 22-24 | 25-27 || total
-------------------------+-------+-------+-------+-------+-------+-------+-------+-------+-------++-------
Melee: Unarmed           |    61 |       |       |       |       |       |       |       |       ||    61
       Constrict         |    24 |    33 |    34 |    58 |   148 |   248 |   239 |   139 |   113 ||  1036
       Tentacles         |    15 |    26 |    29 |    76 |   235 |   276 |   372 |   456 |   380 ||  1865
       Short sword       |    28 |   129 |   119 |       |       |       |       |       |       ||   276
       Morningstar       |       |       |    56 |   441 |   991 |   160 |       |       |       ||  1648
       Whip              |       |       |    24 |       |       |       |       |       |       ||    24
       Punch             |       |       |     1 |    12 |    15 |    22 |    31 |    19 |    36 ||   136
       Eveningstar       |       |       |       |       |       |   891 |  1452 |  1552 |  1146 ||  5041
 Fire: Blowgun           |       |       |       |    27 |    36 |       |       |       |       ||    63
Throw: Javelin           |    15 |    13 |    20 |    15 |    94 |    56 |    23 |    63 |    68 ||   367
       Throwing net      |     1 |     2 |       |       |       |     1 |       |     6 |       ||    10
       Stone             |       |     1 |     4 |    14 |     8 |       |       |       |       ||    27
       Tomahawk          |       |       |       |    31 |    77 |     2 |       |       |       ||   110
 Cast: Slow              |       |       |       |     4 |       |       |       |       |       ||     4
       Blink             |       |       |       |       |     4 |       |       |       |       ||     4
       Statue Form       |       |       |       |       |    28 |   101 |    89 |    65 |    52 ||   335
       Irradiate         |       |       |       |       |       |       |     4 |       |       ||     4
       Apportation       |       |       |       |       |       |       |       |     3 |       ||     3
Invok: Heroism           |       |       |    19 |    43 |   103 |    36 |    36 |    23 |    34 ||   294
       Finesse           |       |       |       |       |       |       |       |     9 |    11 ||    20
 Abil: Evoke Invisibilit |       |       |       |       |     5 |     4 |     2 |       |       ||    11
Evoke: Wand              |       |       |    14 |     9 |    16 |    13 |       |     1 |     8 ||    61
       Lamp of fire      |       |       |       |       |     2 |     3 |       |       |     1 ||     6
  Use: Scroll            |       |    10 |     8 |     9 |    15 |    15 |    10 |    14 |    12 ||    93
       Potion            |       |     2 |     5 |     1 |     3 |     3 |     4 |     1 |    18 ||    37
 Stab: Sleeping          |    10 |    18 |    19 |    14 |    43 |    10 |     9 |     2 |     5 ||   130
       Distracted        |       |     1 |       |     7 |     5 |     6 |     4 |     3 |     4 ||    30
       Paralysed         |       |       |       |       |     4 |     1 |       |       |       ||     5
       Invisible         |       |       |       |       |    24 |     4 |     7 |       |       ||    35
       Held in net/web   |       |       |       |       |       |       |       |     4 |       ||     4
  Eat: Chunk             |     2 |     7 |     1 |    14 |    33 |    46 |    56 |    12 |       ||   171
       Ration            |       |     1 |     4 |     2 |     9 |    13 |     5 |    12 |    14 ||    60
Armor: Skin              |     9 |     5 |    10 |    15 |   127 |   495 |   336 |   399 |   353 ||  1749
Dodge: Dodged            |    49 |    57 |   111 |   192 |   636 |  1219 |  1142 |  1304 |  1226 ||  5936
Block: Shield            |       |       |    40 |   198 |   616 |  1645 |  1907 |  2166 |  1611 ||  8183
       Reflection        |       |       |       |       |    44 |    74 |   190 |   114 |    33 ||   455

Table legend:
 A = Spawn XP
 B = Non-spawn XP
 C = Spawn XP percentage of total XP
 D = Spawn monster count
 E = Non-spawn monster count
 F = Spawn count percentage of total count
 G = Total turns spent on level
                    A         B        C        D         E        F      G
               +---------+---------+-------+---------+---------+-------+---------
         Total |       0 | 1373179 |   0.0 |       0 |    2312 |   0.0 | 57841
               +---------+---------+-------+---------+---------+-------+---------
           D:1 |       0 |      56 |   0.0 |       0 |      32 |   0.0 |  1301
           D:2 |       0 |      83 |   0.0 |       0 |      21 |   0.0 |  1378
           D:3 |       0 |     116 |   0.0 |       0 |      29 |   0.0 |  1328
           D:4 |       0 |     544 |   0.0 |       0 |      14 |   0.0 |   896
           D:5 |       0 |     688 |   0.0 |       0 |      21 |   0.0 |  1570
           D:6 |       0 |     862 |   0.0 |       0 |      19 |   0.0 |  1577
           D:7 |       0 |    1891 |   0.0 |       0 |      19 |   0.0 |  1341
           D:8 |       0 |    1955 |   0.0 |       0 |      24 |   0.0 |  1275
           D:9 |       0 |    4293 |   0.0 |       0 |      31 |   0.0 |  1823
          D:10 |       0 |    3412 |   0.0 |       0 |      37 |   0.0 |  1012
          D:11 |       0 |    6746 |   0.0 |       0 |      36 |   0.0 |  1398
          D:12 |       0 |    4639 |   0.0 |       0 |      34 |   0.0 |   989
          D:13 |       0 |   10932 |   0.0 |       0 |      74 |   0.0 |  1305
          D:14 |       0 |   16806 |   0.0 |       0 |      48 |   0.0 |  1376
          D:15 |       0 |   10344 |   0.0 |       0 |      35 |   0.0 |  1279
        Lair:1 |       0 |    9222 |   0.0 |       0 |      56 |   0.0 |  1379
        Lair:2 |       0 |    4089 |   0.0 |       0 |      19 |   0.0 |  1278
        Lair:3 |       0 |    6550 |   0.0 |       0 |      22 |   0.0 |  1192
        Lair:4 |       0 |   14354 |   0.0 |       0 |      43 |   0.0 |  1559
        Lair:5 |       0 |   11586 |   0.0 |       0 |      43 |   0.0 |  1215
        Lair:6 |       0 |   14357 |   0.0 |       0 |      42 |   0.0 |  1562
      Shoals:1 |       0 |   16137 |   0.0 |       0 |      31 |   0.0 |   868
      Shoals:2 |       0 |   26711 |   0.0 |       0 |      44 |   0.0 |   873
      Shoals:3 |       0 |   36815 |   0.0 |       0 |      60 |   0.0 |  1223
      Shoals:4 |       0 |   28742 |   0.0 |       0 |      47 |   0.0 |  1063
      Spider:1 |       0 |   22751 |   0.0 |       0 |      71 |   0.0 |   863
      Spider:2 |       0 |    7768 |   0.0 |       0 |      21 |   0.0 |   379
      Spider:3 |       0 |   21050 |   0.0 |       0 |      53 |   0.0 |  1052
      Spider:4 |       0 |   32664 |   0.0 |       0 |      71 |   0.0 |   943
         Orc:1 |       0 |    6288 |   0.0 |       0 |      29 |   0.0 |   467
         Orc:2 |       0 |    9819 |   0.0 |       0 |      84 |   0.0 |  1900
         Elf:1 |       0 |   19277 |   0.0 |       0 |      32 |   0.0 |  1078
         Elf:2 |       0 |   39809 |   0.0 |       0 |      62 |   0.0 |  1447
         Elf:3 |       0 |    7113 |   0.0 |       0 |      13 |   0.0 |   674
      Vaults:1 |       0 |   82147 |   0.0 |       0 |     134 |   0.0 |  1630
      Vaults:2 |       0 |   58545 |   0.0 |       0 |      83 |   0.0 |  1442
      Vaults:3 |       0 |   53590 |   0.0 |       0 |      79 |   0.0 |  1536
      Vaults:4 |       0 |   47620 |   0.0 |       0 |      73 |   0.0 |  1504
      Vaults:5 |       0 |  155010 |   0.0 |       0 |     122 |   0.0 |  1723
      Depths:1 |       0 |   48357 |   0.0 |       0 |      66 |   0.0 |  1254
      Depths:2 |       0 |   85389 |   0.0 |       0 |     120 |   0.0 |  1444
      Depths:3 |       0 |   67319 |   0.0 |       0 |      68 |   0.0 |  1302
      Depths:4 |       0 |   34099 |   0.0 |       0 |      53 |   0.0 |   960
      Depths:5 |       0 |   85507 |   0.0 |       0 |      79 |   0.0 |  1118
         Zot:1 |       0 |   11793 |   0.0 |       0 |       7 |   0.0 |   267
         Zot:2 |       0 |   77592 |   0.0 |       0 |      60 |   0.0 |  1179
         Zot:4 |       0 |    1696 |   0.0 |       0 |       1 |   0.0 |   141
         Zot:5 |       0 |  166046 |   0.0 |       0 |      50 |   0.0 |  1000
               +---------+---------+-------+---------+---------+-------+---------
